 Dungeon Sprint DCSS version 0.30.1-11-g7821555f0a (webtiles) character file.

Game seed: 2364223075655241524

211 Heoruswealwe the Spear-Bearer (level 5, -2/53 HPs)
             Began as a Minotaur Fighter on Nov 3, 2023.
             Was an Initiate of Gozag.
             Slain by a killer bee (5 damage)
             ... in the Dungeon (Sprint IX: "|||||||||||||||||||||||||||||").
             The game lasted 00:01:13 (123 turns).

Heoruswealwe the Spear-Bearer (Minotaur Fighter)     Turns: 123, Time: 00:01:14

Health: -2/53      AC:  8    Str: 22    XL:     5   Next: 57%
Magic:  4/4        EV:  9    Int:  5    God:    Gozag
Gold:   297        SH:  4    Dex: 10    Spells: 4/4 levels left

rFire   . . .        a - +0 trident
rCold   . . .        d - +0 buckler
rNeg    . . .        c - +0 scale mail
rPois   .            (helmet restricted)
rElec   .            (no cloak)
rCorr   .            (no gloves)
SInv    .            (no boots)
Will    .....        (no amulet) Stlth
                     (no ring)
HPRegen 0.28/turn    (no ring)
MPRegen 0.09/turn

%: no teleportation
@: gold aura
A: horns 2, retaliatory headbutt
a: Renounce Religion, Potion Petition, Call Merchant, Bribe Branch


You were in the Dungeon.
You worshipped Gozag.
Gozag was aware of your devotion.
You visited 1 branch You collected 297 gold pieces.

Inventory:

Hand Weapons
 a - a +0 trident (weapon)
Armour
 c - a +0 scale mail (worn)
 d - a +0 buckler (worn)
Jewellery
 m - a +3 ring of dexterity
 n - a +3 ring of strength
Wands
 l - a wand of light (10)
Scrolls
 j - 2 scrolls of amnesia
 k - a scroll of blinking
Potions
 b - a potion of might
 e - 5 potions of curing
 f - a potion of invisibility
 g - a potion of haste
 h - 2 potions of heal wounds
 i - a potion of berserk rage


   Skills:
 + Level 7.8 Fighting
 * Level 10.1 Polearms
 + Level 7.8 Armour
 - Level 3.6 Shields


You had 4 spell levels left.
You didn't know any spells.
Your spell library was empty.

Dungeon Overview and Level Annotations

Branches:
Dungeon (1/1)

Altars:
Cheibriados
Dithmenos
Elyvilon
Fedhas
Gozag
Hepliaklqana
Kikubaaqudgha
Makhleb
Nemelex Xobeh
Okawaru
Qazlal
Ru
Sif Muna
Trog
Uskayaw
Vehumet
Wu Jian
Xom
Yredelemnul
Zin
The Shining One
Jiyva
Lugonu


Innate Abilities, Weirdness & Mutations

You have a pair of horns on your head.
You reflexively headbutt those who attack you in melee.


Message History

The gnoll sergeant is heavily wounded.
The gnoll sergeant hits you with a +0 trident!
* * * LOW HITPOINT WARNING * * *
The gnoll sergeant blocks your attack.
You headbutt the gnoll sergeant.
The gnoll sergeant is severely wounded.
You hit the gnoll sergeant but do no damage.
Your headbutt misses the gnoll sergeant.
The gnoll sergeant is severely wounded.
The gnoll sergeant hits you with a +0 trident.
* * * LOW HITPOINT WARNING * * *
The gnoll sergeant blocks your attack. x2
The gnoll sergeant is severely wounded.
The gnoll sergeant closely misses you. The gnoll sergeant blocks your attack.
The gnoll sergeant is severely wounded.
The gnoll sergeant hits you with a +0 trident.
* * * LOW HITPOINT WARNING * * *
The shadow slips into darkness.
The shadow flickers and vanishes!
Deactivating autopickup; reactivate with Ctrl-A.
You hit the gnoll sergeant but do no damage.
The gnoll sergeant is severely wounded.
The gnoll sergeant hits you with a +0 trident.
* * * LOW HITPOINT WARNING * * *
You hit the gnoll sergeant.
You kill the gnoll sergeant!
You block the killer bee's attack.
Your Polearms skill increases to level 10!
You completely miss the killer bee.
The vampire mosquito is distracted by your dazzling golden aura.
The killer bee stings you but does no damage.
The killer bee barely misses you.
You miss the killer bee.
The vampire mosquito buzzes angrily.
Your headbutt misses the killer bee. The killer bee barely misses you.
The killer bee stings you but does no damage.
Unknown command.
You miss the killer bee. The killer bee stings you.
You die...
Your body crumbles into a pile of gold.

▓+▓
▓{▓
$
▓y▓
$
▓.▓
$ $
▓o▓
$
▓T▓
$
▓y▓
▓@▓
$
▓.▓
▓.▓
$
▓[▓
▓[▓
$
▓[▓
▓.▓
$
▓)▓
$
▓.▓
$


You could see a troll, an orc warrior, a vampire mosquito and a killer bee.

Vanquished Creatures
  A scorpion (D)
  A gnoll sergeant (D)
  A howler monkey (D)
  A jelly (D)
  An iguana (D)
  An orc (D)
  An endoplasm (D)
  A quokka (D)
  A ball python (D)
  2 bats (D)
11 creatures vanquished.

Notes
Turn   | Place    | Note
-------+----------+-------------------------------------------
     0 | D        | Heoruswealwe the Minotaur Fighter began the quest for the
                  | Orb.
     0 | D        | Reached XP level 1. HP: 19/19 MP: 0/0
    13 | D        | Reached skill level 3 in Polearms
    38 | D        | Noticed a scorpion
    38 | D        | Noticed a howler monkey
    38 | D        | Noticed a jelly
    38 | D        | Noticed an iguana
    43 | D        | Found a snail-covered altar of Cheibriados.
    43 | D        | Found a shadowy altar of Dithmenos.
    43 | D        | Found a white marble altar of Elyvilon.
    43 | D        | Found a blossoming altar of Fedhas.
    43 | D        | Found an opulent altar of Gozag.
    44 | D        | Found a hazy altar of Hepliaklqana.
    45 | D        | Found a viscous altar of Jiyva.
    46 | D        | Found an ancient bone altar of Kikubaaqudgha.
    47 | D        | Found a corrupted altar of Lugonu.
    48 | D        | Found a burning altar of Makhleb.
    49 | D        | Found a sparkling altar of Nemelex Xobeh.
    50 | D        | Found an iron altar of Okawaru.
    51 | D        | Became a worshipper of Gozag Ym Sagoz the Greedy
    57 | D        | Killed a scorpion
    58 | D        | Reached skill level 5 in Fighting
    58 | D        | Reached skill level 6 in Polearms
    58 | D        | Reached skill level 5 in Armour
    58 | D        | Reached XP level 2. HP: 30/30 MP: 1/1
    58 | D        | Reached XP level 3. HP: 37/37 MP: 2/2
    65 | D        | Reached skill level 7 in Polearms
    65 | D        | Reached XP level 4. HP: 37/45 MP: 3/3
    68 | D        | Reached skill level 8 in Polearms
    74 | D        | Reached skill level 9 in Polearms
    74 | D        | Reached XP level 5. HP: 22/52 MP: 4/4
    77 | D        | Found a stormy altar of Qazlal.
    78 | D        | Found a sacrificial altar of Ru.
    79 | D        | Found a shimmering blue altar of Sif Muna.
    80 | D        | Found a bloodstained altar of Trog.
    81 | D        | Found a hide-covered altar of Uskayaw.
    82 | D        | Found a radiant altar of Vehumet.
    83 | D        | Found an ornate altar of the Wu Jian Council.
    84 | D        | Found a shimmering altar of Xom.
    85 | D        | Found a basalt altar of Yredelemnul.
    86 | D        | Found a glowing silver altar of Zin.
    87 | D        | Found a glowing golden altar of the Shining One.
   111 | D        | Noticed a shadow
   111 | D        | Noticed a vampire mosquito
   111 | D        | Noticed an orc warrior
   111 | D        | Noticed a troll
   119 | D        | HP: 2/52 [gnoll sergeant/+0 trident (1)]
   121 | D        | Reached skill level 10 in Polearms
   123 | D        | Slain by a killer bee

Illustrated notes

Levels and vault maps discovered:
D:        linesprint [early_d, line_temple, items_1, d_10, items_2, lair_1,
          lair_end, items_3, orc_1, orc_end, items_4, d_15, swamp_1, shoals_1,
          snake_1, spider_1, d_20, vaults_1, items_5, swamp_end, shoals_end,
          snake_end, spider_end, vaults_end, d_27, items_6, zot_1, zot_end,
          crypt_end, forest_end, elf_end, slime_end, tomb_end, abyss_end,
          pan_hell_end]

Skill      XL: |  1  2  3  4  5 |
---------------+----------------+-----
Polearms       | 6 7 9 10 | 10.1
Fighting       | 5 6 7 |  7.8
Armour         | 5 6 7 |  7.8
Shields        | |  3.6

Action                     |  1- 3 |  4- 6 || total
---------------------------+-------+-------++-------
  Melee: Trident           |    25 |    20 ||    45
         Headbutt          |     3 |     3 ||     6
    Use: Scroll            |     1 |       ||     1
         Potion            |     1 |       ||     1
 Armour: Scale mail        |    12 |     2 ||    14
  Dodge: Dodged            |    12 |     4 ||    16
  Block: Buckler           |     5 |     1 ||     6
